 Dungeon Crawl Stone Soup version 0.22-a0-247-gbddf880 (webtiles) character file.

1255 George the Slasher (level 8, -4/70 HPs)
             Began as a Minotaur Fighter on Feb 24, 2018.
             Was a Believer of Makhleb.
             Slain by an ice beast (9 damage)
             ... summoned by mortelune's ghost
             ... on level 6 of the Dungeon.
             The game lasted 00:07:07 (3926 turns).

George the Slasher (Minotaur Fighter)               Turns: 3926, Time: 00:07:08

Health: -4/70      AC: 12    Str: 28    XL:     8   Next: 26%
Magic:  9/9        EV:  5    Int:  5    God:    Makhleb [**....]
Gold:   289        SH: 11    Dex: 10    Spells: 7/7 levels left

rFire    . . .     SeeInvis .   a - +0 long sword
rCold    . . .     Gourm    .   c - +0 shield
rNeg     . . .     Faith    .   g - +0 plate armour
rPois    .         Spirit   .   (helmet restricted)
rElec    .         Reflect  .   (no cloak)
rCorr    .         Harm     .   (no gloves)
MR       .....                  (no boots)
Stlth    ..........             (no amulet)
HPRegen  0.21/turn              (no ring)
MPRegen  0.11/turn              (no ring)

@: mighty
A: retaliatory headbutt, horns 2
a: Minor Destruction, Renounce Religion


You were on level 6 of the Dungeon.
You worshipped Makhleb.
Makhleb was pleased with you.
You were not hungry.

You visited 1 branch of the dungeon, and saw 6 of its levels.

You collected 289 gold pieces.

Inventory:

Hand Weapons
 a - a +0 long sword (weapon)
 u - a +4 short sword
Missiles
 x - a throwing net (quivered)
Armour
 c - a +0 shield (worn)
 g - a +0 plate armour (worn)
Jewellery
 B - an uncursed ring of ice
Wands
 t - a wand of enslavement (19)
 A - a wand of iceblast (4)
Scrolls
 b - 5 scrolls of teleportation {unknown}
 h - a scroll of enchant weapon {unknown}
 i - 6 scrolls of random uselessness {unknown}
 j - 12 scrolls of identify {unknown}
 l - a scroll of fog {unknown}
 n - 3 scrolls of immolation {unknown}
 o - 3 scrolls of blinking {unknown}
 p - 5 scrolls of remove curse {unknown}
 s - a scroll of noise {unknown}
 v - 2 scrolls of enchant armour {unknown}
 y - a scroll of magic mapping {unknown}
Potions
 d - 2 potions of might
 e - a potion of experience {unknown}
 k - 2 potions of haste {unknown}
 m - a potion of degeneration {unknown}
 q - 3 potions of heal wounds {unknown}
 r - a potion of curing
 w - 2 potions of agility {unknown}
 z - a potion of brilliance {unknown}
 C - a potion of flight {unknown}
Comestibles
 f - 8 rations


   Skills:
 + Level 6.0 Fighting
 + Level 7.7 Long Blades
 + Level 5.9 Armour
 + Level 5.9 Shields
 + Level 3.6 Invocations


You had 7 spell levels left.
You didn't know any spells.

Dungeon Overview and Level Annotations

Branches:
Dungeon (6/15)
 Temple: D:4-7

Altars:
Gozag
Makhleb
Okawaru
Qazlal
Trog

Annotations:
D:6 mortelune's ghost, novice DsIE


Innate Abilities, Weirdness & Mutations

You reflexively headbutt those who attack you in melee.
You have a pair of horns on your head.


Message History

You block the ice beast's attack. x2
You hit mortelune's ghost but do no damage.
Mortelune's ghost is severely damaged.
You block the ice beast's attack.
Mortelune's ghost hits you but does no damage.
The ice beast hits you but does no damage.
You block the ice beast's attack.
You closely miss mortelune's ghost.
Mortelune's ghost is severely damaged.
The ice beast hits you but does no damage.
Mortelune's ghost hits you but does no damage.
You block the ice beast's attack.
The ice beast hits you but does no damage. x2
You hit mortelune's ghost. Your headbutt misses mortelune's ghost.
Mortelune's ghost is almost destroyed.
You block mortelune's ghost's attack. You block the ice beast's attack.
The ice beast hits you.
* * * LOW HITPOINT WARNING * * *
The ice beast freezes you!
You die...

.....##.##..####........#
.....#..$'..##..........##
.....##(##...............#
......###.....#..........#
.............##..........#
...........# #...........#
.........# #..........##
.........# #.Y........#
.........#####@Y..........
......##......WY(.........
.........................#
........#######....#####.#
#...$..# ###### .. ##....#
##... ... ..


You could see 3 ice beasts and mortelune's ghost.

Vanquished Creatures
  Edmund (D:5)
  An ogre (D:5)
  2 ice beasts
  2 sky beasts
  A howler monkey (D:4)
  A crimson imp (D:2)
  A hound (D:5)
  A jelly (D:4)
  3 orc wizards
  2 orc priests
  Jessica (D:3)
  2 iguanas
  A worker ant (D:5)
  Robin (D:2)
  2 howler monkey skeletons
  6 gnolls
  9 adders
  A shadow imp (D:2)
  An adder zombie (D:2)
  2 adder skeletons
  3 worms
  4 dart slugs
  3 leopard geckos
  4 orcs
  5 giant cockroaches
  15 goblins
  12 hobgoblins
  6 quokkas
  3 ball pythons
  8 bats
  9 frilled lizards
  11 kobolds
  6 rats
130 creatures vanquished.

Notes
Turn   | Place    | Note
-------+----------+-------------------------------------------
     0 | D:1      | George the Minotaur Fighter began the quest for the Orb.
     0 | D:1      | Reached XP level 1. HP: 19/19 MP: 0/0
   162 | D:1      | Reached skill level 3 in Long Blades
   253 | D:1      | Reached XP level 2. HP: 26/26 MP: 1/1
   661 | D:2      | Noticed Robin
   665 | D:2      | Reached skill level 4 in Long Blades
   768 | D:1      | Reached XP level 3. HP: 31/31 MP: 2/2
   978 | D:2      | Killed Robin
   978 | D:2      | Reached skill level 5 in Long Blades
  1070 | D:2      | Reached XP level 4. HP: 35/39 MP: 3/3
  1120 | D:2      | Reached skill level 6 in Long Blades
  1121 | D:2      | Found a burning altar of Makhleb.
  1145 | D:2      | Became a worshipper of Makhleb the Destroyer
  1238 | D:2      | Reached XP level 5. HP: 40/46 MP: 4/4
  1533 | D:3      | Noticed Jessica
  1534 | D:3      | Killed Jessica
  1540 | D:3      | Reached * piety under Makhleb
  1543 | D:3      | Reached skill level 1 in Invocations
  1635 | D:3      | Reached XP level 6. HP: 46/52 MP: 4/6
  1975 | D:3      | Found a stormy altar of Qazlal.
  1975 | D:3      | Found a bloodstained altar of Trog.
  2214 | D:4      | Reached ** piety under Makhleb
  2232 | D:4      | Found an opulent altar of Gozag.
  2727 | D:4      | Reached XP level 7. HP: 45/60 MP: 7/7
  2755 | D:5      | Entered Level 5 of the Dungeon
  2812 | D:5      | Noticed Edmund
  2828 | D:5      | Killed Edmund
  2828 | D:5      | Reached skill level 5 in Fighting
  2828 | D:5      | Reached skill level 7 in Long Blades
  2828 | D:5      | Reached skill level 5 in Armour
  2881 | D:5      | Reached skill level 5 in Shields
  3016 | D:5      | Reached XP level 8. HP: 68/69 MP: 9/9
  3059 | D:5      | Found an iron altar of Okawaru.
  3889 | D:6      | Noticed mortelune's ghost (novice DsIE)
  3918 | D:6      | HP: 1/70 [ice beast[mortelune's ghost] (8)]
  3926 | D:6      | Slain by an ice beast

Vault maps used:
D:1:      moated_graveyard_arrival
D:2:      minmay_wonky_spiral, nicolae_overflow_crystal_walls, uniq_robin
D:3:      gammafunk_temple_overflow_elements, serial_glass, glass_columns_b,
          glass_columns_a, glass_columns_b, glass_columns_a, uniq_jessica
D:4:      first_ration, nicolae_gozag_seed_capital
D:5:      minmay_misc_feat_four_crosses, kennysheep_okawaru_gauntlet,
          uniq_edmund
D:6:      minmay_misc_feat_cross, minmay_joined_circles

Skill      XL: |  1  2  3  4  5  6  7  8 |
---------------+-------------------------+-----
Long Blades    | 3 4 5 6 7 |  7.7
Invocations    | 1 2 3 |  3.6
Armour         | 4 5 |  5.9
Fighting       | 4 5 6 |  6.0
Shields        | 4 5 |  5.9

Action                   |  1- 3 |  4- 6 |  7- 9 || total
-------------------------+-------+-------+-------++-------
Melee: Long sword        |    83 |   201 |   158 ||   442
       Headbutt          |    15 |    36 |    28 ||    79
Evoke: Wand              |       |       |     1 ||     1
  Use: Potion            |       |       |     4 ||     4
  Eat: Chunk             |       |     5 |     5 ||    10
Armor: Plate armour      |    70 |   112 |   114 ||   296
Dodge: Dodged            |    18 |    30 |    14 ||    62
Block: Shield            |    62 |   113 |    85 ||   260
       Rpst.: Long sword |     5 |    10 |     5 ||    20

Table legend:
 A = Spawn XP
 B = Non-spawn XP
 C = Spawn XP percentage of total XP
 D = Spawn monster count
 E = Non-spawn monster count
 F = Spawn count percentage of total count
 G = Total turns spent on level
                    A         B        C        D         E        F      G
               +---------+---------+-------+---------+---------+-------+---------
         Total |       0 |    1793 |   0.0 |       0 |     130 |   0.0 |  3926
               +---------+---------+-------+---------+---------+-------+---------
           D:1 |       0 |      54 |   0.0 |       0 |      24 |   0.0 |   957
           D:2 |       0 |     186 |   0.0 |       0 |      39 |   0.0 |   545
           D:3 |       0 |     170 |   0.0 |       0 |      26 |   0.0 |   576
           D:4 |       0 |     336 |   0.0 |       0 |      17 |   0.0 |   677
           D:5 |       0 |     752 |   0.0 |       0 |      19 |   0.0 |   688
           D:6 |       0 |     295 |   0.0 |       0 |       5 |   0.0 |   483
               +---------+---------+-------+---------+---------+-------+---------
